 Dungeon Crawl Stone Soup version 0.16.0 (webtiles) character file.

343400 MDvedh the Executioner (level 21, -8/222 HPs)
             Began as a Minotaur Berserker on Mar 14, 2015.
             Was the Champion of Trog.
             Killed from afar by a shadow dragon (18 damage)
             ... with a bolt of negative energy
             ... on level 5 of the Vaults.
             The game lasted 02:19:36 (36723 turns).

MDvedh the Executioner (Minotaur Berserker)        Turns: 36723, Time: 02:19:36

Health: -8/222     AC: 38    Str: 27    XL:     21   Next: 13%
Magic:  8/8        EV: 25    Int:  6    God:    Trog [******]
Gold:   2004       SH:  2    Dex: 22    Spells: 0 memorised, 20 levels left

rFire  . . .     SeeInvis .     H - +8 executioner's axe (flame)
rCold  . . .     Clarity  .     w - +7 plate armour of Fedhas' Favour {rElec rPois Str-5 Int+2}
rNeg   . . .     SustAb   .     (no shield)
rPois  +         Gourm    .     D - +2 hat
rElec  +         Spirit   .     Z - +1 cloak {MR+}
rCorr  .         Warding  .     K - +0 pair of gloves
rMut   .         Stasis   .     r - +0 pair of boots {run}
MR     ++++.                    p - amulet of regeneration
Stlth  ..........               y - +5 ring of dexterity
                                v - +5 ring of strength

@: very slightly contaminated, regenerating, drained, quick, incredibly
resistant to hostile enchantments, extremely unstealthy
A: retaliatory headbutt, hooves 1, horns 2, repulsion field 1, icy blue scales
1, large bone plates 1, regeneration 1, robust 1, shaggy fur 1, electricity
resistance, spit poison 1, strong 1
a: Spit Poison, Burn Spellbooks, Berserk, Trog's Hand, Brothers in Arms,
Renounce Religion
}: 2/15 runes: serpentine, barnacled


You were on level 5 of the Vaults.
You worshipped Trog.
Trog was exalted by your worship.
You were not hungry.

You visited 7 branches of the dungeon, and saw 43 of its levels.
You also visited: Labyrinth and Wizlab.

You collected 4014 gold pieces.
You spent 2010 gold pieces at shops.

Inventory:

Hand weapons
 H - a +8 executioner's axe of flaming (weapon)
 S - the +12 battleaxe of the Whale {venom, +Rage}
   (Trog gifted it to you on level 8 of the Lair of Beasts)

   It poisons the flesh of those it strikes.
   It lets you go berserk.
Armour
 r - a +0 pair of boots of running (worn)
 w - the +7 plate armour of Fedhas' Favour (worn) {rElec rPois Str-5 Int+2}
   (You bought it in a shop on level 4 of the Orcish Mines)

   It affects your strength (-5).
   It affects your intelligence (+2).
   It insulates you from electricity.
   It protects you from poison.
 D - a +2 hat (worn)
 K - a +0 pair of gloves (worn)
 Z - a +1 cloak of magic resistance (worn)
Jewellery
 d - an uncursed ring of flight
 g - an uncursed amulet of clarity
 p - an amulet of regeneration (around neck)
 t - an uncursed amulet of resist mutation
 v - a +5 ring of strength (left hand)
 y - a +5 ring of dexterity (right hand)
 G - an uncursed ring of positive energy
 L - an uncursed ring of ice
 N - an uncursed ring of see invisible
 P - an uncursed amulet of resist corrosion
 Q - an uncursed ring of protection from magic
Magical devices
 F - a wand of teleportation (3)
 J - a wand of teleportation (4)
 R - a wand of teleportation (3)
Scrolls
 e - 5 scrolls of fog
 f - 8 scrolls of magic mapping
 j - 7 scrolls of remove curse
 k - 12 scrolls of summoning
 m - 8 scrolls of recharging
 n - 11 scrolls of teleportation
 o - a scroll of brand weapon
 q - 8 scrolls of identify
 u - a scroll of noise
 z - a scroll of immolation
 A - 4 scrolls of fear
 B - 5 scrolls of enchant armour
 U - 2 scrolls of holy word
 Y - 3 scrolls of blinking
Potions
 a - 8 potions of restore abilities
 h - 7 potions of heal wounds
 i - 15 potions of curing
 s - 6 potions of resistance
 x - a potion of magic
 C - 5 potions of might
 E - 5 potions of agility
 I - 3 potions of haste
 M - a potion of invisibility
 T - 4 potions of cure mutation
 V - 5 potions of cancellation
 X - a potion of flight
Comestibles
 b - 18 meat rations
 c - a bread ration


   Skills:
 + Level 20.5(19.7) Fighting
 * Level 24.7(23.8) Axes
 + Level 20.7(19.9) Armour
 + Level 19.2(18.4) Dodging


You had 20 spell levels left.
You didn't know any spells.

Dungeon Overview and Level Annotations

Branches:
Dungeon (15/15)            Temple (1/1) D:5            Lair (8/8) D:11
 Shoals (5/5) Lair:6        Snake (5/5) Lair:4        Slime (0/6) Lair:6
    Orc (4/4) D:11            Elf (0/3) Orc:3        Vaults (5/5) D:14
  Crypt (0/3) Vaults:3     Depths (0/5) D:15

Altars:
Cheibriados
Dithmenos
Elyvilon
Fedhas
Kikubaaqudgha
Nemelex Xobeh
Okawaru
Qazlal
Sif Muna
Trog
Yredelemnul
Zin
The Shining One
Jiyva

Shops:
D:4 :   D:11 [   D:12 (!==   Orc:4 =*[(   Snake:2 [   Vaults:2 %

Annotations:
Lair:6 exclusion: 3 oklob plants
Shoals:1 1 runed door


Innate Abilities, Weirdness & Mutations

You reflexively headbutt those who attack you in melee.
You have a pair of horns on your head.
You have large cloven feet.
You are surrounded by a mild repulsion field (EV +2).
You are partially covered in icy blue scales (AC +1).
You are partially covered in large bone plates (AC +2, SH +2).
Your natural rate of healing is unusually fast.
You are robust (+10% HP).
You are covered in fur (AC +1).
You are resistant to electric shocks.
You can spit poison.
Your muscles are strong. (Str +2)


Message History

The deep elf demonologist casts a spell.
The large abomination completely misses you.
You furiously retaliate!
You headbutt the large abomination.
The jumping spider leaps!
Unknown command.
Unknown command.
Unknown command.
Unknown command.
Unknown command.
Unknown command.
Unknown command.
The yaktaur captain wields an arbalest.
The yaktaur captain shoots a bolt.
The bolt hits you!
* * * LOW HITPOINT WARNING * * *
The deep elf summoner gestures wildly while chanting.
The deep elf conjurer misses you.
The shadow dragon breathes negative energy at you.
The bolt of negative energy misses the large abomination.
The bolt of negative energy hits you!
You feel drained.
You die...

#.. ...#....#
.421#....##
re2#....#..
es3.......#
#####c§.p.e..##
...(.e.cH.1....
.......sDDD......
.....r.)@X.<....?
.......)[eC......
#####......s.##
...[.....C..
....#....#u..
.....#...(# .
....#(...#
...#....# #..


You could see a Hell Sentinel, 2 shadow dragons, a golden dragon, a green very
ugly thing, an Ice Fiend, a sphinx, 2 stone giants, 2 yaktaur captains, a soul
eater, 2 deep elf demonologists, a vault sentinel, a deep elf summoner, a large
abomination, a deep elf conjurer, a sixfirhy, a hellion, a tormentor, a jumping
spider, 2 redbacks, a deep elf fighter and 2 hell rats.

Vanquished Creatures
  2 tentacled monstrosities
  Jory (Vaults:4)
  Nikola (Shoals:3)
  A lich (Vaults:3)
  3 sphinxes
  Rupert (Lair:3)
  Kirke (Snake:1)
  A shadow dragon (Vaults:4)
  Frances (Snake:1)
  A storm dragon (Vaults:4)
  A frost giant (Vaults:4)
  Maud (Shoals:1)
  12 vault wardens
  An orc warlord (Orc:4)
  4 greater nagas
  Louise (D:15)
  5 deep elf sorcerers
  A fire giant (Vaults:5)
  16 ironheart preservers
  Gastronok (D:13)
  A ghoul (Vaults:3)
  Jorgrun (Shoals:3)
  6 stone giants
  8 very ugly things (WizLab)
  A deep elf death mage (Vaults:4)
  2 deep elf annihilators
  3 merfolk javelineers (Shoals:5)
  A minotaur (Lab)
  A crystal guardian (Vaults:3)
  An ettin (Vaults:5)
  10 yaktaur captains
  Josephine (D:10)
  35 vault guards
  A fire dragon (Vaults:4)
  A deep elf high priest (Vaults:5)
  3 merfolk impalers (Shoals:5)
  A hydra (shapeshifter) (Vaults:5)
  A rakshasa (D:15)
  7 hydras
  9 ogre magi
  18 naga warriors
  Nessos (Orc:4)
  3 great orbs of eyes
  A catoblepas (Shoals:5)
  15 anacondas
  2 merfolk avatars
  Erica (D:13)
  6 centaur warriors
  17 death yaks
  2 deep troll shamans (Vaults:1)
  A merfolk aquamancer (Shoals:5)
  5 orc high priests
  6 shock serpents
  Urug (Orc:4)
  An iron golem (WizLab)
  8 naga sharpshooters
  Nergalle (D:13)
  A shadow wraith (Vaults:1)
  A fire crab (Vaults:2)
  6 sea snakes
  5 skeletal warriors (Vaults:1)
  2 wizards (Vaults:2)
  2 unseen horrors
  An ice devil (Orc:4)
  2 fire crabs (shapeshifter) (WizLab)
  A giant orange brain (D:15)
  An unseen horror (shapeshifter) (WizLab)
  A flayed ghost (Vaults:4)
  A deep elf summoner (Vaults:5)
  4 naga ritualists
  5 deep trolls
  A deep elf conjurer (Vaults:3)
  Pikel (D:5)
  13 orc knights
  10 large abominations
  A sphinx zombie (Vaults:3)
  16 ironbrand convokers
  A lindwurm (shapeshifter) (WizLab)
  4 mana vipers
  20 slime creatures
  7 harpies (Shoals:5)
  2 wolf spiders
  4 hill giants
  A fire giant zombie (Vaults:2)
  A faun (shapeshifter) (Vaults:5)
  30 ugly things
  7 necromancers
  A manticore (shapeshifter) (WizLab)
  A salamander (shapeshifter) (WizLab)
  A stone giant zombie (Vaults:2)
  4 water nymphs
  10 griffons
  4 orc sorcerers
  12 cyclopes
  6 manticores
  3 sixfirhies
  2 hornets
  A sphinx skeleton (Vaults:3)
  A wolf spider zombie (D:13)
  3 hornets (shapeshifter)
  3 phantasmal warriors
  11 salamanders
  4 guardian serpents
  A black mamba (shapeshifter) (WizLab)
  3 drowned souls (Shoals:3)
  7 sirens
  19 elephants
  A stone giant skeleton (Vaults:3)
  10 spiny frogs
  Joseph (D:8)
  37 black mambas
  2 gargoyles
  5 centaur zombies
  15 vault sentinels
  2 torpor snails (Lair:3)
  2 eyes of devastation (shapeshifter)
  A smoke demon (Vaults:3)
  2 spiny frogs (shapeshifter) (WizLab)
  A queen ant (Lair:8)
  A fire drake (shapeshifter) (WizLab)
  4 kobold demonologists
  2 rust devils
  26 naga magi
  5 komodo dragons
  2 komodo dragons (shapeshifter) (WizLab)
  A blue devil (Snake:1)
  A fire drake (Lair:5)
  A troll (shapeshifter) (WizLab)
  A demonic crawler (Vaults:4)
  A jumping spider (Vaults:5)
  A jumping spider (shapeshifter) (WizLab)
  A spriggan druid (Lair:8)
  8 trolls
  A redback zombie (D:13)
  9 polar bears
  A silent spectre (Vaults:3)
  6 deep elf priests
  3 freezing wraiths
  A two-headed ogre (shapeshifter) (Vaults:4)
  A wind drake (Shoals:1)
  18 two-headed ogres
  A wandering mushroom (Lair:6)
  A blink frog (shapeshifter) (WizLab)
  A polar bear (shapeshifter) (WizLab)
  9 blink frogs
  18 merfolk
  22 yaktaurs
  A harpy skeleton (D:15)
  A raven (shapeshifter) (D:14)
  5 boulder beetles
  A fire giant simulacrum (Vaults:3)
  The ghost of Armakuni the Magician, an average DEWr of Dithmenos (D:4)
  9 snapping turtles
  A stone giant simulacrum (Vaults:3)
  A wyvern (Lair:7)
  A trapdoor spider (shapeshifter) (D:13)
  10 redbacks
  2 water elementals
  3 spriggans (shapeshifter)
  2 yaks (shapeshifter) (WizLab)
  A tarantella (shapeshifter) (WizLab)
  An ettin skeleton (Vaults:3)
  12 spriggans (Lair:8)
  5 basilisks
  9 deep elf magi
  2 redbacks (shapeshifter) (WizLab)
  8 small abominations
  2 hungry ghosts (D:13)
  35 yaks
  3 humans (shapeshifter) (WizLab)
  A tarantella (Vaults:4)
  A shadow (Vaults:3)
  Eustachio (D:5)
  A hill giant zombie (D:14)
  7 wraiths
  13 deep elf fighters
  A steam dragon (D:10)
  3 hippogriffs (shapeshifter)
  Grum (D:8)
  A human (WizLab)
  7 vampire mosquitoes
  7 hippogriffs
  A wolf (shapeshifter) (WizLab)
  A chaos spawn (Orc:4)
  31 water moccasins
  A water moccasin (shapeshifter) (WizLab)
  Edmund (D:5)
  7 soldier ants
  A soldier ant (shapeshifter) (D:15)
  23 wolves
  5 mottled dragons
  8 porcupines
  3 wargs
  A mottled dragon (shapeshifter) (WizLab)
  A naga (shapeshifter) (Vaults:1)
  66 nagas
  2 deep troll skeletons (Vaults:3)
  A black bear (shapeshifter) (WizLab)
  4 ice beasts
  4 sky beasts
  40 orc warriors
  An eye of draining (D:13)
  An eye of draining (shapeshifter) (WizLab)
  41 ogres
  8 black bears
  11 centaurs
  2 slaves (D:5)
  6 boggarts (Vaults:1)
  2 necrophages
  5 wasps
  2 boring beetles (Lair:5)
  A human skeleton (Vaults:3)
  18 crocodiles
  Duvessa (D:5)
  2 phantoms
  2 giant frogs (shapeshifter) (WizLab)
  A gnoll sergeant (D:6)
  A wyvern zombie (D:6)
  Blork the orc (D:5)
  4 human zombies (Vaults:3)
  2 big kobolds
  19 giant frogs
  A boulder beetle zombie (Vaults:2)
  4 scorpions
  2 water moccasin skeletons
  32 killer bees
  A human simulacrum (Vaults:2)
  3 electric eels
  Dowan (D:5)
  4 goliath beetles
  2 quasits (Vaults:3)
  6 wights
  6 crimson imps
  A giant frog zombie (D:6)
  3 giant frog skeletons
  10 hounds
  6 jellies
  Crazy Yiuf (D:2)
  36 orc priests
  4 iguanas
  42 orc wizards
  5 centaur skeletons
  29 worker ants
  A killer bee zombie (D:6)
  43 sheep
  7 hell rats
  A mummy (D:15)
  2 hound skeletons
  16 gnolls
  37 adders
  3 shadow imps
  A giant mite (D:8)
  32 river rats
  7 worms
  4 giant eyeballs (WizLab)
  2 ufetubi
  An adder skeleton (D:4)
  An adder zombie (D:6)
  9 giant geckos
  An ooze (shapeshifter) (WizLab)
  5 oozes (D:8)
  195 orcs
  13 bats
  A bat skeleton (D:3)
  4 giant cockroaches
  23 hobgoblins
  5 jackals
  22 kobolds
  17 quokkas
  9 ball pythons
  3 giant newts
  A giant spore (D:11)
  19 goblins
  A jackal skeleton (D:3)
  11 orc zombies (Orc:4)
  21 rats
  A ballistomycete (D:11)
  7 crawling corpses
  9 fungi
  3 plants
1943 creatures vanquished.

Vanquished Creatures (collateral kills)
  A merfolk avatar (Shoals:3)
1 creature vanquished.

Vanquished Creatures (others)
  An orc knight (Orc:4)
  14 drowned souls (Shoals:3)
  A naga mage (Snake:5)
  An ogre (Vaults:2)
  A lost soul (Vaults:5)
18 creatures vanquished.

Grand Total: 1962 creatures vanquished

Notes
Turn   | Place    | Note
--------------------------------------------------------------
     0 | D:1      | MDvedh, the Minotaur Berserker, began the quest for the Orb.
     0 | D:1      | Reached XP level 1. HP: 19/19 MP: 1/1
    59 | D:1      | Reached skill level 4 in Axes
    78 | D:1      | Reached XP level 2. HP: 12/26 MP: 1/1
   484 | D:1      | Reached skill level 5 in Axes
   497 | D:1      | Reached XP level 3. HP: 29/31 MP: 2/2
   499 | D:1      | Acquired Trog's second power
  1302 | D:2      | Noticed Crazy Yiuf
  1309 | D:2      | Killed Crazy Yiuf
  1309 | D:2      | Reached skill level 6 in Axes
  1309 | D:2      | Reached XP level 4. HP: 39/39 MP: 2/2
  1485 | D:2      | Found a glowing golden altar of the Shining One.
  1565 | D:2      | Found a snail-covered altar of Cheibriados.
  1591 | D:2      | Found a white marble altar of Elyvilon.
  1832 | D:3      | Reached skill level 7 in Axes
  1832 | D:3      | Reached XP level 5. HP: 45/45 MP: 2/2
  1838 | D:3      | Found an iron altar of Okawaru.
  1915 | D:3      | Found a shadowy altar of Dithmenos.
  2475 | D:3      | Acquired Trog's third power
  2686 | D:4      | Reached skill level 8 in Axes
  2774 | D:4      | Reached XP level 6. HP: 49/51 MP: 3/3
  2804 | D:4      | Found a deep blue altar of Sif Muna.
  2877 | D:4      | Noticed an ogre
  2883 | D:4      | Killed an ogre
  2989 | D:4      | Reached skill level 9 in Axes
  3074 | D:4      | Found Xottul's Book Shop.
  3111 | D:4      | Noticed Armakuni's ghost (average DEWr)
  3117 | D:4      | Killed Armakuni's ghost
  3117 | D:4      | Reached skill level 10 in Axes
  3117 | D:4      | Reached XP level 7. HP: 57/57 MP: 3/3
  3329 | D:4      | Noticed an ogre
  3337 | D:4      | Killed an ogre
  3724 | D:5      | Entered Level 5 of the Dungeon
  3728 | D:5      | Reached skill level 11 in Axes
  3738 | D:5      | Reached XP level 8. HP: 64/64 MP: 3/3
  3773 | D:5      | Noticed Edmund
  3775 | D:5      | Noticed Duvessa
  3778 | D:5      | Noticed Dowan
  3803 | D:5      | Killed Duvessa
  3805 | D:5      | Killed Edmund
  3805 | D:5      | Reached skill level 12 in Axes
  3858 | D:5      | Killed Dowan
  3969 | D:5      | Noticed Blork the orc
  3976 | D:5      | Killed Blork the orc
  4001 | D:5      | Noticed Pikel
  4027 | D:5      | Killed Pikel
  4027 | D:5      | Reached skill level 13 in Axes
  4186 | D:5      | Reached XP level 9. HP: 70/70 MP: 4/4
  4231 | D:5      | Noticed Eustachio
  4247 | D:5      | Killed Eustachio
  4247 | D:5      | Reached skill level 14 in Axes
  4263 | D:5      | Found a staircase to the Ecumenical Temple.
  4275 | Temple   | Entered the Ecumenical Temple
  4517 | D:6      | Received a gift from Trog
  4948 | D:6      | Reached skill level 5 in Armour
  5679 | D:7      | Reached skill level 5 in Dodging
  5713 | D:7      | Found a sparkling altar of Nemelex Xobeh.
  5772 | D:7      | Found a stormy altar of Qazlal.
  5774 | D:7      | Found a blossoming altar of Fedhas.
  6246 | D:8      | Found a basalt altar of Yredelemnul.
  6296 | D:8      | Received a gift from Trog
  6385 | D:8      | Reached XP level 10. HP: 56/78 MP: 4/4
  6430 | D:8      | Noticed Grum
  6450 | D:8      | Killed Grum
  6561 | D:8      | Found an ancient bone altar of Kikubaaqudgha.
  6733 | D:8      | Noticed Joseph
  6742 | D:8      | Killed Joseph
  6742 | D:8      | Reached skill level 5 in Fighting
  7204 | D:8      | Received a gift from Trog
  7378 | D:9      | Found an iron altar of Okawaru.
  7378 | D:9      | Found a bloodstained altar of Trog.
  7879 | D:10     | Entered Level 10 of the Dungeon
  7962 | D:10     | Received a gift from Trog
  8184 | D:10     | Reached XP level 11. HP: 92/92 MP: 4/4
  8283 | D:10     | Found a white marble altar of Elyvilon.
  8478 | D:10     | Noticed Josephine
  8496 | D:10     | Killed Josephine
  8788 | D:11     | Reached skill level 10 in Armour
  8819 | D:11     | Received a gift from Trog
  8872 | D:11     | Found a staircase to the Orcish Mines.
  8927 | D:11     | Found Twulux's Armour Boutique.
  9181 | D:11     | Found a staircase to the Lair.
  9396 | D:11     | Noticed a hill giant
  9407 | D:11     | Killed a hill giant
  9897 | Lair:1   | Entered Level 1 of the Lair of Beasts
 10039 | Lair:1   | Received a gift from Trog
 10262 | Lair:1   | Reached skill level 10 in Dodging
 10458 | Lair:1   | Reached skill level 15 in Axes
 10485 | Lair:1   | Reached XP level 12. HP: 72/106 MP: 5/5
 11198 | Lair:2   | Reached skill level 10 in Fighting
 11944 | Lair:3   | Received a gift from Trog
 11991 | Lair:3   | Noticed Rupert
 12453 | Lair:3   | Paralysed by Rupert for 4 turns
 12472 | Lair:3   | Killed Rupert
 12723 | Lair:4   | Noticed an eight-headed hydra
 12730 | Lair:4   | Killed a five-headed hydra
 12731 | Lair:4   | Noticed a seven-headed hydra
 12740 | Lair:4   | Killed a three-headed hydra
 13121 | Lair:4   | Reached XP level 13. HP: 79/116 MP: 5/5
 13293 | Lair:4   | Noticed a naga warrior
 13295 | Lair:4   | Found a staircase to the Snake Pit.
 13313 | Lair:4   | Killed a naga warrior
 13557 | Lair:4   | Gained mutation: Your muscles are strong. (Str +2) [potion of beneficial mutation]
 13577 | Lair:4   | Identified a scroll of acquirement
 13584 | Lair:4   | Identified a +0 pair of boots of running (You acquired it on level 4 of the Lair of Beasts)
 13890 | Lair:5   | Received a gift from Trog
 14745 | Lair:6   | Found a viscous altar of Jiyva.
 14745 | Lair:6   | Found a staircase to the Slime Pits.
 15063 | Lair:6   | Received a gift from Trog
 15359 | Lair:6   | Found a staircase to the Shoals.
 15676 | Lair:7   | Reached skill level 16 in Axes
 15686 | Lair:7   | Received a gift from Trog
 16539 | Lair:8   | Entered Level 8 of the Lair of Beasts
 16592 | Lair:8   | Reached XP level 14. HP: 129/129 MP: 5/5
 16611 | Lair:8   | Received a gift from Trog
 16614 | Lair:8   | Got a polished battleaxe {god gift}
 16615 | Lair:8   | Identified the +12 battleaxe of the Whale {venom, +Rage} (Trog gifted it to you on level 8 of the Lair of Beasts)
 17105 | Lair:8   | Reached skill level 17 in Axes
 17317 | Lair:8   | Received a gift from Trog
 17441 | Lair:8   | Reached skill level 18 in Axes
 18142 | Orc:1    | Entered Level 1 of the Orcish Mines
 18358 | Orc:1    | Received a gift from Trog
 18834 | Orc:3    | Received a gift from Trog
 19076 | Orc:3    | Found a staircase to the Elven Halls.
 19195 | Orc:4    | Entered Level 4 of the Orcish Mines
 19201 | Orc:4    | Found a labyrinth entrance.
 19211 | Lab      | Entered a labyrinth
 19658 | Lab      | Got a shimmering scale mail
 19669 | Lab      | Identified the +0 scale mail of the Soldier {rElec rF+ MP+9 Str-3 Dex+3} (You found it in a labyrinth)
 20089 | Orc:4    | Noticed Urug
 20096 | Orc:4    | Noticed an orc warlord
 20102 | Orc:4    | Killed Urug
 20110 | Orc:4    | Killed an orc warlord
 20110 | Orc:4    | Reached skill level 19 in Axes
 20113 | Orc:4    | Reached XP level 15. HP: 108/136 MP: 6/6
 20131 | Orc:4    | Received a gift from Trog
 20236 | Orc:4    | Found Wilufyej's General Store.
 20237 | Orc:4    | Found Ceakk's Jewellery Shoppe.
 20238 | Orc:4    | Found Yppikek's Antique Armour Emporium.
 20238 | Orc:4    | Found Cusap's Antique Weapon Emporium.
 20410 | Orc:4    | Bought a crude plate armour for 868 gold pieces
 20420 | Orc:4    | Identified the +7 plate armour of Fedhas' Favour {rElec rPois Str-5 Int+2} (You bought it in a shop on level 4 of the Orcish Mines)
 20424 | Orc:4    | Bought a scorched war axe for 289 gold pieces
 20425 | Orc:4    | Identified the +8 war axe of the Revolution {speed, Str+5} (You bought it in a shop on level 4 of the Orcish Mines)
 20437 | Orc:4    | Bought an uncursed amulet of clarity for 260 gold pieces
 20437 | Orc:4    | Bought a cursed amulet of inaccuracy for 26 gold pieces
 20446 | Orc:4    | Bought a potion of heal wounds for 75 gold pieces
 20446 | Orc:4    | Bought a potion of might for 60 gold pieces
 20446 | Orc:4    | Bought a scroll of identify for 30 gold pieces
 20541 | Orc:4    | Received a gift from Trog
 20586 | Orc:4    | Noticed Nessos
 20593 | Orc:4    | Killed Nessos
 21153 | D:12     | Found Veiwiela's Antique Weapon Emporium.
 21158 | D:12     | Found Shriaze's Distillery.
 21179 | D:12     | Bought a potion of mutation for 45 gold pieces
 21478 | D:12     | Found Pefaxeej's Jewellery Boutique.
 21482 | D:12     | Bought a +3 ring of evasion for 357 gold pieces
 21504 | D:12     | Found Reumif's Jewellery Emporium.
 21665 | D:13     | Received a gift from Trog
 21718 | D:13     | Noticed Erica
 21724 | D:13     | Killed Erica
 21803 | D:13     | Noticed Gastronok
 21815 | D:13     | Killed Gastronok
 22019 | D:13     | Noticed Nergalle
 22024 | D:13     | Killed Nergalle
 22048 | D:13     | Reached skill level 20 in Axes
 22089 | D:13     | Reached skill level 15 in Armour
 22899 | D:14     | Received a gift from Trog
 22911 | D:14     | Found a gate to the Vaults.
 22989 | D:15     | Entered Level 15 of the Dungeon
 23602 | D:15     | Noticed Louise
 23611 | D:15     | Killed Louise
 23815 | D:15     | Found a staircase to the Depths.
 23829 | D:15     | Reached XP level 16. HP: 107/147 MP: 6/6
 24257 | Snake:1  | Entered Level 1 of the Snake Pit
 24286 | Snake:1  | Noticed Frances
 24299 | Snake:1  | Killed Frances
 24528 | Snake:1  | Noticed Kirke
 24536 | Snake:1  | Killed Kirke
 24536 | Snake:1  | Reached skill level 15 in Fighting
 24590 | Snake:1  | Received a gift from Trog
 25098 | Snake:2  | Received a gift from Trog
 25240 | Snake:2  | Reached skill level 15 in Dodging
 25327 | Snake:2  | Found Pneopsyen's Armour Shop.
 25522 | Snake:2  | Found a glowing silver altar of Zin.
 25737 | Snake:3  | Reached skill level 21 in Axes
 26150 | Snake:4  | Received a gift from Trog
 26222 | Snake:4  | Found a runed gate.
 26222 | Snake:4  | Found a runed gate.
 26223 | Snake:4  | Found a runed gate.
 26425 | Snake:4  | Reached XP level 17. HP: 158/158 MP: 6/6
 26894 | Snake:5  | Entered Level 5 of the Snake Pit
 26909 | Snake:5  | Received a gift from Trog
 27255 | Snake:5  | HP: 5/159 [naga warrior/club (16)]
 27531 | Snake:5  | Received a gift from Trog
 27735 | Snake:5  | Got a serpentine rune of Zot
 28031 | Shoals:1 | Entered Level 1 of the Shoals
 28145 | Shoals:1 | Noticed Maud
 28154 | Shoals:1 | Killed Maud
 28219 | Shoals:1 | Found a runed door.
 28257 | Shoals:3 | Noticed Nikola
 28258 | Shoals:3 | Noticed Jorgrun
 28271 | Shoals:3 | Killed Nikola
 28272 | Shoals:3 | Killed Jorgrun
 29264 | Shoals:5 | Entered Level 5 of the Shoals
 29348 | Shoals:5 | Got a fine iron ring
 29352 | Shoals:5 | Identified the ring "Chagen" {Str+4 Stlth+} (You found it on level 5 of the Shoals)
 29921 | Shoals:5 | Reached XP level 18. HP: 130/170 MP: 7/7
 29927 | Shoals:5 | Received a gift from Trog
 30027 | Shoals:5 | Reached skill level 22 in Axes
 30065 | Shoals:5 | Got a barnacled rune of Zot
 30647 | Vaults:1 | Entered Level 1 of the Vaults
 31308 | Vaults:1 | Gained mutation: Armour fits poorly on your strangely shaped body. [potion of mutation]
 31308 | Vaults:1 | Gained mutation: You are frail (-10% HP). [potion of mutation]
 31308 | Vaults:1 | Gained mutation: You can breathe flames. [potion of mutation]
 31309 | Vaults:1 | Lost mutation: You are frail (-10% HP). [potion of cure mutation]
 31309 | Vaults:1 | Lost mutation: You can breathe flames. [potion of cure mutation]
 31309 | Vaults:1 | Lost mutation: Your muscles are strong. (Str +2) [potion of cure mutation]
 31309 | Vaults:1 | Lost mutation: Armour fits poorly on your strangely shaped body. [potion of cure mutation]
 31490 | Vaults:1 | Received a gift from Trog
 31737 | Vaults:1 | Gained mutation: Scrolls take you a little longer to read. [mutagenic meat]
 31738 | Vaults:1 | Gained mutation: Your natural rate of healing is unusually fast. [mutagenic meat]
 32210 | Vaults:2 | Found Dumuuq's Food Shop.
 32226 | Vaults:2 | Found a magical portal.
 32231 | WizLab   | Entered Cigotuvi's Fleshworks
 32380 | WizLab   | Received a gift from Trog
 32385 | WizLab   | Paralysed by a giant eyeball for 4 turns
 32399 | WizLab   | Paralysed by a giant eyeball for 4 turns
 32419 | WizLab   | Paralysed by a giant eyeball for 3 turns
 32532 | WizLab   | Reached XP level 19. HP: 180/180 MP: 7/7
 32919 | Vaults:2 | Gained mutation: You are partially covered in large bone plates (AC +2, SH +2). [potion of mutation]
 32919 | Vaults:2 | Gained mutation: You can spit poison. [potion of mutation]
 32920 | Vaults:2 | Gained mutation: Your system is resistant to poisons. [potion of mutation]
 32921 | Vaults:2 | Gained mutation: You are covered in fur (AC +1). [potion of mutation]
 32921 | Vaults:2 | Gained mutation: You can spit moderately strong poison. [potion of mutation]
 32922 | Vaults:2 | Gained mutation: Space occasionally distorts in your vicinity. [potion of mutation]
 32922 | Vaults:2 | Gained mutation: You are partially covered in icy blue scales (AC +1). [potion of mutation]
 32923 | Vaults:2 | Gained mutation: Your magical capacity is low (-10% MP). [potion of mutation]
 32924 | Vaults:2 | Gained mutation: You are surrounded by a mild repulsion field (EV +2). [potion of mutation]
 32924 | Vaults:2 | Gained mutation: You are robust (+10% HP). [potion of mutation]
 32924 | Vaults:2 | Lost mutation: Your system is resistant to poisons. [potion of mutation]
 32925 | Vaults:2 | Gained mutation: You are very robust (+20% HP). [potion of mutation]
 32927 | Vaults:2 | Lost mutation: You are very robust (+20% HP). [potion of mutation]
 32927 | Vaults:2 | Gained mutation: You are resistant to electric shocks. [potion of mutation]
 32928 | Vaults:2 | Lost mutation: Scrolls take you a little longer to read. [potion of cure mutation]
 32928 | Vaults:2 | Lost mutation: Space occasionally distorts in your vicinity. [potion of cure mutation]
 32928 | Vaults:2 | Lost mutation: Your magical capacity is low (-10% MP). [potion of cure mutation]
 32928 | Vaults:2 | Lost mutation: You can spit moderately strong poison. [potion of cure mutation]
 32928 | Vaults:2 | Lost mutation: You can spit poison. [potion of cure mutation]
 32929 | Vaults:2 | Gained mutation: Your muscles are strong. (Str +2) [potion of beneficial mutation]
 32930 | Vaults:2 | Gained mutation: You can spit poison. [potion of beneficial mutation]
 32931 | Vaults:2 | Gained mutation: You have large cloven feet. [potion of beneficial mutation]
 33523 | Vaults:2 | Received a gift from Trog
 34405 | Vaults:3 | Reached skill level 23 in Axes
 34552 | Vaults:3 | Received a gift from Trog
 34696 | Vaults:3 | Found a staircase to the Crypt.
 35229 | Vaults:3 | Reached XP level 20. HP: 210/210 MP: 7/7
 35518 | Vaults:4 | Received a gift from Trog
 35565 | Vaults:4 | Noticed Jory
 35579 | Vaults:4 | Killed Jory
 36066 | Vaults:4 | Received a gift from Trog
 36421 | Vaults:4 | Reached skill level 24 in Axes
 36611 | Vaults:5 | Entered Level 5 of the Vaults
 36641 | Vaults:5 | Reached XP level 21. HP: 112/222 MP: 8/8
 36641 | Vaults:5 | Received a gift from Trog
 36646 | Vaults:5 | Noticed a golden dragon
 36723 | Vaults:5 | HP: 10/222 [yaktaur captain/bolt (16)]
 36723 | Vaults:5 | Killed from afar by a shadow dragon

Action                   |  1- 3 |  4- 6 |  7- 9 | 10-12 | 13-15 | 16-18 | 19-21 || total
-------------------------+-------+-------+-------+-------+-------+-------+-------++-------
Melee: Hand axe          |    65 |   122 |   329 |   779 |   354 |       |       ||  1649
       Battleaxe         |       |       |       |       |   584 |   877 |   468 ||  1929
       Executioner's axe |       |       |       |       |       |       |    45 ||    45
Invok: Berserk           |     2 |     4 |     3 |     3 |     2 |       |       ||    14
       Burn Spellbooks   |       |       |     2 |       |     2 |     4 |     2 ||    10
       Trog's Hand       |       |       |       |     1 |     6 |     7 |     7 ||    21
       Brothers in Arms  |       |       |       |       |       |     1 |       ||     1
  Use: Scroll            |       |       |    19 |     1 |    20 |    14 |     6 ||    60
       Potion            |       |       |       |       |     1 |     6 |    14 ||    21
  Eat: Chunk             |     2 |     9 |    13 |     8 |    11 |     7 |     2 ||    52
       Fruit             |       |     1 |     2 |     1 |       |     1 |       ||     5
       Royal jelly       |       |       |     1 |     2 |     3 |       |       ||     6
       Beef jerky        |       |       |       |     5 |     4 |     1 |       ||    10
       Bread ration      |       |       |       |     2 |     3 |     1 |     3 ||     9
       Meat ration       |       |       |       |       |     1 |     3 |       ||     4
       Pizza             |       |       |       |       |       |     2 |       ||     2
